 Dungeon Crawl Stone Soup version 0.29-a0-234-g0dae59b3db (webtiles) character file.

Game seed: 9141996711716553035

1264 fragbeetle the Transmogrifier (level 8, -6/59 HPs)
             Began as a Red Draconian Transmuter on Mar 2, 2022.
             Blown up by Ijyb (16 damage)
             ... with a mindburst bolt
             ... on level 5 of the Dungeon.
             The game lasted 00:09:48 (6522 turns).

fragbeetle the Transmogrifier (DrTm)                Turns: 6522, Time: 00:09:49

Health: -6/59      AC:  9    Str: 12    XL:     8   Next: 27%
Magic:  10/11      EV: 12    Int: 14    God:
Gold:   321        SH:  5    Dex: 14    Spells: 3/11 levels left

rFire   + + .      SeeInvis .   l - +3 dagger (speed)
rCold   . . .      Faith    .   (no shield)
rNeg    . . .      Spirit   .   (body armour unavailable)
rPois   .          Reflect  +   (helmet restricted)
rElec   .          Harm     .   y - +1 cloak
rCorr   .          Rampage  .   s - +0 pair of gloves
Will    .....                   (no boots)
Stlth   +.........              D - amulet of reflection
HPRegen 0.19/turn               f - ring of protection from fire
MPRegen 0.12/turn               (no ring)

@: no status effects
A: breathe fire, AC +6, unfitting armour, fire resistance 1, cold-blooded
a: Breathe Fire


You were on level 5 of the Dungeon.
You visited 1 branch of the dungeon, and saw 5 of its levels.
You also visited: Sewer.

You collected 321 gold pieces.

Inventory:

Hand Weapons
 l - a +3 dagger of speed (weapon)
Missiles
 H - 2 boomerangs
Armour
 s - a +0 pair of gloves (worn)
 y - a +1 cloak (worn)
Magical Staves
 p - a staff of death
Jewellery
 f - a ring of protection from fire (left hand)
 D - an amulet of reflection (around neck)
Wands
 E - a wand of paralysis (13)
Scrolls
 a - a scroll of blinking {unknown}
 b - a scroll of holy word {unknown}
 e - 4 scrolls of enchant armour
 h - 6 scrolls of identify {unknown}
 j - a scroll of magic mapping {unknown}
 k - a scroll of vulnerability {unknown}
 m - 2 scrolls of teleportation
 n - a scroll of immolation {unknown}
 o - a scroll of enchant weapon {unknown}
 r - a scroll of fog {unknown}
 w - a scroll of acquirement {unknown}
 B - a scroll of torment {unknown}
 C - a scroll of fear {unknown}
Potions
 c - 2 potions of ambrosia {unknown}
 d - 7 potions of curing {unknown}
 g - 2 potions of heal wounds {unknown}
 i - a potion of attraction {unknown}
 q - a potion of brilliance {unknown}
 t - a potion of haste {unknown}
 u - a potion of flight {unknown}
 v - a potion of invisibility {unknown}
 x - a potion of magic {unknown}
 z - 2 potions of berserk rage {unknown}
 A - 2 potions of mutation {unknown}
 F - 2 potions of degeneration {unknown}
 G - a potion of might {unknown}


   Skills:
 - Level 1.1 Fighting
 - Level 1.7 Dodging
 - Level 3.0 Unarmed Combat
 - Level 2.0 Spellcasting
 + Level 8.5 Transmutations
 + Level 4.5 Ice Magic


You had 3 spell levels left.
You knew the following spells:

 Your Spells              Type           Power      Damage    Failure   Level
a - Beastly Appendage     Tmut           50%        N/A       1%          1
b - Spider Form           Tmut/Pois      13%        N/A       12%         3
c - Ice Form              Ice/Tmut       19%        N/A       16%         4

Your spell library contained the following spells:

 Spells                   Type           Power      Damage    Failure   Level
 Wereblood                Tmut           25%        N/A       1%          2
 Freeze                   Ice            56%        1d7       3%          1
 Frozen Ramparts          Ice            28%        1d4       11%         3
 Ignite Poison            Fire/Tmut/Pois 9%         N/A       22%         3
 Conjure Flame            Conj/Fire      1%         6-21      56%         3
 Hailstorm                Conj/Ice       7%         3d4       67%         4
 Sticky Flame             Conj/Fire      1%         2d3       93%         4


Dungeon Overview and Level Annotations

Branches:
Dungeon (5/15)              Sewer (visited)
 Temple: D:4-7

Altars:

Annotations:
D:5 Ijyb


Innate Abilities, Weirdness & Mutations

You can breathe blasts of fire.
Your fiery red scales are hard. (AC +6)
You cannot fit into any form of body armour.
Your flesh is heat resistant. (rF+)
You are cold-blooded and may be slowed by cold attacks.


Message History

You kill the orc!
No target in view!
You see here a +0 flail.
Ijyb, an orc and an orc wizard come into view.
Ijyb is wielding a +0 club and carrying a wand of mindburst (13).
Ijyb shouts!
The orc shouts!
The orc wizard shouts!
A phantom comes into view.
An orc priest and an orc come into view.
The orc priest shouts!
The orc shouts!
Ijyb hits you but does no damage.
The orc wizard gestures wildly while chanting.
The orc wizard flickers and vanishes!
Deactivating autopickup; reactivate with Ctrl-A.
The orc priest calls down the wrath of Beogh upon you.
Beogh smites you!
You see here a +0 flail.
Ijyb zaps a wand.
Your mind is blasted!
Casting: Beastly Appendage (safe; 1% risk of failure)
Confirm with . or Enter, or press ? or * to list all spells.
Your horns disappear.
Your talons disappear.
You turn into a venomous arachnid creature.
Your +3 dagger of speed melds into your body.
Your +1 cloak melds into your body.
Your +0 pair of gloves melds into your body.
Ijyb zaps a wand.
You struggle to resist.
There is an open door here.
You close the door.
Your transformation is almost over.
Ijyb opens the door.
Ijyb zaps a wand.
Your mind is blasted!
Ijyb zaps a wand.
Your mind is blasted!
* * * LOW HITPOINT WARNING * * *
Your transformation has ended.
Your +3 dagger of speed unmelds from your body.
Your +1 cloak unmelds from your body.
Your +0 pair of gloves unmelds from your body.
Your hands tingle!
There is an open door here.
Ijyb zaps a wand.
Your mind is blasted!
You die...

#############.....#
#...........#.....#
#...........#.....#
#...........# ....#
#....##....## ...##
#....##....######...
#.....#.o.......#...
#.....'.g.......'...
#..@.##....##...#...
#.<..##....##...####
#.....#....##...##..
#.....#.....#.......
#.....#.....'...##..
#....##....##...###+
#############.......
#....#........
#....#........


You could see Ijyb and an orc.

Vanquished Creatures
  A water moccasin (D:5)
  A sky beast (D:4)
  A centaur (D:5)
  An ogre (D:3)
  A phantom (D:5)
  2 bullfrogs (Sewer)
  4 scorpions
  3 hounds (D:5)
  A jelly (D:5)
  An orc priest (D:3)
  11 adders
  3 gnolls (D:3)
  4 river rats
  A shadow imp (D:5)
  A white imp (D:5)
  5 worms
  5 dart slugs
  3 orcs
  7 endoplasms
  5 giant cockroaches
  9 goblins
  9 hobgoblins
  6 kobolds
  4 quokkas
  17 ball pythons
  8 bats
  8 frilled lizards
  29 rats
151 creatures vanquished.

Notes
Turn   | Place    | Note
-------+----------+-------------------------------------------
     0 | D:1      | fragbeetle the Draconian Transmuter began the quest for the
                  | Orb.
     0 | D:1      | Reached XP level 1. HP: 16/16 MP: 3/3
   107 | D:1      | Reached XP level 2. HP: 20/23 MP: 3/5
   304 | D:1      | Reached skill level 3 in Transmutations
   658 | D:1      | Reached XP level 3. HP: 28/28 MP: 4/6
  1272 | D:2      | Learned a level 3 spell: Spider Form
  1296 | D:2      | Reached skill level 4 in Transmutations
  1672 | D:2      | Reached XP level 4. HP: 35/35 MP: 5/7
  2262 | D:3      | Found Bama's Assorted Antiques.
  2300 | D:3      | Reached skill level 5 in Transmutations
  2315 | D:2      | Reached XP level 5. HP: 15/40 MP: 5/8
  2740 | D:3      | Noticed an ogre
  2749 | D:3      | Killed an ogre
  2750 | D:3      | Reached skill level 6 in Transmutations
  2800 | D:3      | Found a faded altar of an unknown god.
  3236 | D:3      | Learned a level 4 spell: Ice Form
  3349 | D:3      | Reached XP level 6. HP: 47/47 MP: 9/9
  3734 | D:4      | Reached skill level 1 in Ice Magic
  4035 | D:4      | Found a glowing drain.
  4142 | Sewer    | Entered a sewer
  4515 | Sewer    | Reached skill level 7 in Transmutations
  4680 | Sewer    | Your scales start taking on a fiery red colour.
  4680 | Sewer    | Reached XP level 7. HP: 40/52 MP: 6/10
  4680 | Sewer    | Gained mutation: Your flesh is heat resistant. (rF+) [Red
                  | Draconian growth]
  5641 | D:5      | Entered Level 5 of the Dungeon
  5864 | D:5      | Reached skill level 8 in Transmutations
  6001 | D:5      | Reached XP level 8. HP: 55/59 MP: 9/11
  6320 | D:5      | Noticed a hornet
  6498 | D:5      | Noticed Ijyb
  6522 | D:5      | Blown up by Ijyb

Illustrated notes

Levels and vault maps discovered:
D:1:      amcnicky_arrival_abandoned_market, layout_basic, minmay_domino_2
D:2:      layout_rooms
D:3:      layout_basic, nicolae_ecumenical_lake_church, serial_shops, shop,
          minmay_surrounded
D:4:      layout_loops_ring, portal_sewer_entry_b
D:5:      layout_gridville, minivault_1, uniq_ijyb

Skill      XL: |  1  2  3  4  5  6  7  8 |
---------------+-------------------------+-----
Transmutations | 3 4 5 6 7 8 |  8.5
Ice Magic      | 2 3 4 |  4.5
Fighting       | |  1.1
Dodging        | |  1.7
Unarmed Combat | |  3.0
Spellcasting   | |  2.0

Action                   |  1- 3 |  4- 6 |  7- 9 || total
-------------------------+-------+-------+-------++-------
Melee: Unarmed           |   109 |    37 |    28 ||   174
       Kick              |    21 |    47 |    20 ||    88
       Headbutt          |    12 |    24 |    16 ||    52
       Tailslap          |    11 |    14 |     6 ||    31
       Punch             |     2 |     4 |     2 ||     8
       Dagger            |     9 |   192 |    64 ||   265
 Cast: Beastly Appendage |    31 |    28 |    15 ||    74
       Spider Form       |       |     5 |     2 ||     7
 Abil: Breathe Fire      |       |       |     2 ||     2
  Use: Scroll            |       |       |     2 ||     2
 Stab: Sleeping          |     3 |     1 |     1 ||     5
Armor: Skin              |    39 |    51 |    16 ||   106
Dodge: Dodged            |    66 |   132 |    81 ||   279
Block: Other             |       |       |     3 ||     3

Table legend: (Time is in decaauts)
 A = Elapsed time spent in this place.
 B = Non-inter-level travel time spent in this place.
 C = Inter-level travel time spent in this place.
 D = Time resting spent in this place.
 E = Time spent auto-exploring this place.
 F = Levels seen in this place.
 G = Mean time per level.
                   A        B        C        D        E       F      G
               +--------+--------+--------+--------+--------+-----+--------+
         Total |   6479 |   6371 |    108 |    881 |   4340 |   6 | 1079.8 |
       Dungeon |   5732 |   5624 |    108 |    653 |   4129 |   5 | 1146.4 |
         Sewer |    746 |    746 |      0 |    228 |    210 |   1 |  746.0 |
               +--------+--------+--------+--------+--------+-----+--------+

Top non-repeatable levels by time:
     D:3: 1464 daAuts
     D:1: 1228 daAuts
     D:4: 1175 daAuts
     D:2: 1003 daAuts
     D:5: 860 daAuts
   Sewer: 746 daAuts
